AoeStats
← Kroket Ketchup

QS Arena

503193217Analyzed
4v4 RM · 1mo ago on Aug 30, 2026· 38m 39s· 8 players
Game mode
Random Map
Map size
Large (8 player)
Population
200
Speed
Normal
Resources
Standard
Victory
Conquest
Starting age
Dark Age
Ending age
Imperial Age
RankedLock teamsTeams togetherTeam positionsShared explorationLock speedFull tech treeHidden civsTurbo modeCheats
Victory
Defeat
🇺🇸 Franks · United States
1392
+15
🇻🇳 Teutons · Vietnam
1363
+16
🇻🇳 Persians · Vietnam
1344
+17
🇮🇳 Lithuanians · India
1271
+20
🇲🇽 Portuguese · Mexico
1379
-18
🇨🇭 Persians · Switzerland
1377
-18
🇳🇱 Celts · Netherlands
1368
-17
🇳🇱 Khmer · Netherlands
1362
-17
Monotone
7:57 Feudal Age
12:03 Castle Age
10:00 Double-Bit Axe
12:12 Loom
20:50 Husbandry
22:39 Scale Barding Armor
24:33 Chain Barding Armor
26:04 Forging
25:47 Gold Mining
27:33 Wheelbarrow
26:44 Town Watch
27:58 Herbal Medicine
28:53 Iron Casting
28:53 Bow Saw
30:00 Gold Shaft Mining
29:40 Fletching
31:14 Masonry
31:05 Bodkin Arrow
32:14 Murder Holes
32:44 Ballistics
36:09 Imperial Age
33:57 Hand Cart
36:12 Cavalier
37:29 Plate Barding Armor
37:54 Blast Furnace
38:20 Architecture
37:36 Paladin
37:42 Paladin
BLADE
8:20 Feudal Age
13:07 Castle Age
11:16 Double-Bit Axe
12:28 Horse Collar
13:45 Bloodlines
18:04 Bow Saw
19:00 Loom
19:35 Heavy Plow
22:06 Wheelbarrow
22:09 Town Watch
22:34 Pikeman
23:41 Squires
25:28 Hand Cart
26:13 Gold Mining
27:07 Scale Mail Armor
27:20 Forging
27:37 Fletching
31:13 Imperial Age
29:53 Chain Mail Armor
30:14 Iron Casting
29:41 Padded Archer Armor
29:39 Bodkin Arrow
30:03 Arson
30:40 Scale Barding Armor
31:17 Halberdier
33:04 Conscription
32:49 Tower Shields
33:14 Elite Leitis
34:54 Chain Barding Armor
36:55 Hoardings
37:53 Plate Barding Armor
La Apple
7:30 Feudal Age
11:47 Castle Age
12:14 Double-Bit Axe
12:11 Horse Collar
13:11 Bow Saw
14:06 Heavy Plow
19:31 Wheelbarrow
21:28 Gold Mining
22:58 Gold Shaft Mining
26:11 Imperial Age
24:22 Hand Cart
23:53 Loom
24:25 Stone Mining
24:57 Bloodlines
24:52 Town Watch
26:27 Stone Shaft Mining
27:27 Two-Man Saw
26:59 Crop Rotation
27:09 Scale Barding Armor
26:55 Cavalier
28:35 Forging
28:52 Chain Barding Armor
28:52 Husbandry
29:09 Savar
31:11 Plate Barding Armor
31:11 Iron Casting
32:11 Iron Casting
32:06 Heavy Camel Rider
33:27 Conscription
35:08 Blast Furnace
35:22 Chemistry
34:43 Ballistics
35:28 Fletching
35:26 Light Cavalry
36:37 Hussar
37:28 Capped Ram
shogun
3:39 Loom
6:11 Feudal Age
7:24 Fletching
14:10 Double-Bit Axe
15:01 Horse Collar
17:24 Wheelbarrow
22:56 Castle Age
22:11 Stone Mining
22:16 Gold Mining
23:18 Forging
23:09 Scale Mail Armor
23:13 Pikeman
24:10 Bodkin Arrow
25:46 Squires
27:34 Gambesons
30:44 Stone Shaft Mining
31:14 Bow Saw
31:35 Heavy Plow
34:12 Hand Cart
37:36 Imperial Age
35:35 Arson
36:21 Chain Mail Armor
36:42 Iron Casting
38:50 Conscription
38:36 Halberdier
F1NBLOO
8:45 Feudal Age
12:32 Castle Age
10:24 Double-Bit Axe
10:34 Horse Collar
12:12 Scale Barding Armor
21:42 Wheelbarrow
23:18 Hand Cart
24:15 Gold Mining
27:23 Imperial Age
24:40 Loom
25:35 Bloodlines
26:06 Husbandry
26:43 Chain Barding Armor
26:34 Forging
28:53 Chemistry
27:18 Cavalier
28:35 Plate Barding Armor
29:13 Gold Shaft Mining
29:23 Savar
30:48 Heavy Plow
31:55 Iron Casting
33:26 Blast Furnace
34:25 Fletching
34:35 Padded Archer Armor
35:03 Ballistics
34:22 Crossbowman
35:01 Bodkin Arrow
35:30 Thumb Ring
36:47 Masonry
37:14 Leather Archer Armor
37:04 Kamandaran
JochemMeneer
8:26 Feudal Age
11:39 Castle Age
9:46 Horse Collar
10:19 Double-Bit Axe
11:26 Bloodlines
12:41 Wheelbarrow
12:44 Heavy Plow
17:04 Scale Barding Armor
18:56 Forging
18:42 Gold Mining
21:01 Iron Casting
20:52 Chain Barding Armor
21:17 Husbandry
26:47 Imperial Age
26:13 Iron Casting
26:38 Gold Shaft Mining
26:19 Bow Saw
28:08 Plate Barding Armor
30:26 Blast Furnace
30:27 Stone Mining
30:42 Loom
Kroket Ketchup
8:19 Feudal Age
12:25 Castle Age
11:06 Double-Bit Axe
11:40 Gold Mining
11:58 Horse Collar
17:02 Bow Saw
26:33 Wheelbarrow
25:48 Loom
25:51 Town Watch
26:09 Heavy Plow
26:54 Pikeman
27:59 Scale Mail Armor
33:19 Imperial Age
32:35 Gold Shaft Mining
33:15 Chain Mail Armor
33:34 Hand Cart
33:59 Masonry
34:12 Ballistics
36:00 Stone Mining
37:19 Heavy Scorpion
37:42 Halberdier
HK El Primo
7:23 Feudal Age
7:48 Loom
9:31 Fletching
14:17 Horse Collar
23:39 Castle Age
22:51 Double-Bit Axe
24:43 Bow Saw
37:07 Imperial Age
Connection lost

Rejoining the realm…

Still unreachable

The connection could not be restored.

Session expired

The server has moved on; the page needs a fresh start.